 Dungeon Crawl Stone Soup version 0.24.1-1-gd1d2a07e1b (webtiles) character file.

Game seed: 6551118673110199683, levelgen mode: deterministic

5748 SockEdd the Archer (level 10, -3/88 HPs)
             Began as a Centaur Hunter on Apr 8, 2020.
             Was an Initiate of Okawaru.
             Slain by a two-headed ogre
             ... wielding a +0 giant spiked club
              (11 damage)
             ... on level 9 of the Dungeon.
             The game lasted 00:41:27 (10403 turns).

SockEdd the Archer (Centaur Hunter)                Turns: 10403, Time: 00:41:29

Health: -3/88      AC: 12    Str: 15    XL:     10   Next: 49%
Magic:  10/10      EV:  6    Int: 13    God:    Okawaru [......]
Gold:   337        SH:  0    Dex: 13    Spells: 9/9 levels left

rFire    + . .     SeeInvis .   s - +9 long sword of Mayhem {protect, Int+3}
rCold    + . .     Gourm    .   (no shield)
rNeg     . . .     Faith    .   l - +0 chain mail
rPois    .         Spirit   .   J - +0 helmet
rElec    .         Reflect  .   i - scarf {rC+ rF+}
rCorr    .         Harm     .   (no gloves)
MR       +....                  (no barding)
Stlth    ..........             (no amulet)
HPRegen  0.24/turn              D - +3 ring of protection
MPRegen  0.12/turn              h - ring of protection from magic

@: about to teleport, very quick
A: large, hooves 3, deformed body, speed 2, tough skin 3
a: Renounce Religion


You were on level 9 of the Dungeon.
You worshipped Okawaru.
Okawaru was noncommittal.
You were not hungry.

You visited 2 branches of the dungeon, and saw 10 of its levels.

You collected 337 gold pieces.

Inventory:

Hand Weapons
 a - a +1 shortbow
 s - the +9 long sword of Mayhem (weapon) {protect, Int+3}
   (You found it on level 4 of the Dungeon)

   It grants its wielder temporary protection when it strikes (+7 to AC).
   It affects your intelligence (+3).
Missiles
 d - 96 arrows
Armour
 i - a scarf of resistance (worn)
 l - a +0 chain mail (worn)
 n - a scarf of spirit shield
 J - a +0 helmet (worn)
 K - a +0 buckler
 M - a +0 cloak
 O - a scarf of repulsion
Jewellery
 h - a ring of protection from magic (right hand)
 k - an uncursed ring of protection from cold
 r - an uncursed amulet of faith
 y - an uncursed ring of magical power
 D - a +3 ring of protection (left hand)
 G - an uncursed ring of poison resistance
Wands
 E - a wand of flame (65)
 I - a wand of paralysis (14)
 L - a wand of clouds (5)
 N - a wand of enslavement (10)
 Q - a wand of disintegration (15)
Scrolls
 b - a scroll of summoning {unknown}
 g - a scroll of remove curse
 j - a scroll of random uselessness
 o - 4 scrolls of magic mapping
 p - 3 scrolls of enchant weapon
 q - a scroll of teleportation
 w - 3 scrolls of immolation {unknown}
 z - a scroll of enchant armour {unknown}
 B - a scroll of blinking {unknown}
 C - 2 scrolls of fear {unknown}
 F - a scroll of torment {unknown}
 P - a scroll of acquirement {unknown}
 R - a scroll of fog {unknown}
Potions
 c - 4 potions of might
 e - a potion of ambrosia
 m - 2 potions of cancellation
 t - a potion of curing
 u - a potion of berserk rage {unknown}
 v - a potion of mutation
 x - a potion of invisibility {unknown}
 A - a potion of magic {unknown}
 H - a potion of degeneration {unknown}
Comestibles
 f - 22 rations


   Skills:
 + Level 8.2 Fighting
   Level 4.3(6.4) Short Blades
 + Level 7.4(8.0) Long Blades
 + Level 9.3 Bows
 + Level 4.1 Armour
 - Level 4.2 Dodging
 - Level 0.4 Stealth
 + Level 0.6 Shields


You had 9 spell levels left.
You didn't know any spells.
Your spell library contained the following spells:

 Spells                   Type           Power        Failure   Level  Hunger
 Sandblast                Erth           #.....       99%         1    ##.....
 Passwall                 Tmut/Erth      #.......     100%        2    ###....
 Stone Arrow              Conj/Erth      #.....       100%        3    ####...
 Petrify                  Tmut/Erth      #.......     100%        4    #####..
 Lee's Rapid Deconstruct  Erth           #.........   100%        5    ######.


Dungeon Overview and Level Annotations

Branches:
Dungeon (9/15)             Temple (1/1) D:7            Lair (0/6) D:8
    Orc: D:9-12

Altars:
Ashenzari
Cheibriados
Dithmenos
Elyvilon
Fedhas
Gozag
Hepliaklqana
Kikubaaqudgha
Makhleb
Nemelex Xobeh
Okawaru
Qazlal
Ru
Sif Muna
Trog
Vehumet
Wu Jian
Xom
Yredelemnul
Zin
The Shining One

Annotations:
D:7 3 runed translucent doors, EXkata's ghost, novice HuWn


Innate Abilities, Weirdness & Mutations

You have hooves in place of feet.
Armour fits poorly on your strangely shaped body.
You cover ground very quickly.
You have extremely tough skin. (AC +3)


Message History

You are too injured to fight recklessly!
Found a ration.
The bullfrog hits you but does no damage.
Found 2 rations.
As you read the scroll of teleportation, it crumbles to dust.
You feel strangely unstable.
The big kobold hits you but does no damage.
The bullfrog hits you but does no damage.
You feel clever.
The +9 long sword of Mayhem {protect, Int+3} hums with potential!
s - the +9 long sword of Mayhem (weapon)
{protect, Int+3} The big kobold hits you but does no damage.
The bullfrog hits you.
You barely miss the two-headed ogre.
The two-headed ogre is almost dead.
The bullfrog hits you.
The two-headed ogre hits you with a +0 giant spiked club!!
* * * LOW HITPOINT WARNING * * *
The two-headed ogre hits you with a +0 giant club!
You die...

(.h(..##.#
#.....(.....#
####..##.#
#.####.####.#
##...#.# #.#
#Z# #.#
##......# #.#
#h# #.#
#....########
#(# #.#
##...# #...
#h# #.#
#....# +..%%
###T# #.#
#.#..#
+.P...#KO.#
#.# #.#.##
+..%.≈F@###
#.# ##.#..#
#.....### #.#
......# #P≈P.
##.# ##(##.#
#≈≈≈ #..#
...##.# +.P
#.## #).##.#
## #.#
#..##.# #.#
...##.# #.#
....#.# #.#


You could see a two-headed ogre, a troll, a big kobold, a bullfrog and a hound.

Vanquished Creatures
  A kobold demonologist (D:7)
  A hippogriff (D:9)
  4 slime creatures (D:8)
  Sigmund (D:3)
  A yak (D:8)
  2 humans (D:8)
  2 porcupines (D:8)
  2 phantoms
  4 sky beasts
  4 ogres
  An orc warrior (D:8)
  A necrophage (D:8)
  4 centaurs
  4 big kobolds
  A bullfrog (D:6)
  2 scorpions (D:8)
  9 killer bees
  A water moccasin skeleton (D:9)
  3 wights (D:8)
  5 howler monkeys
  A bullfrog zombie (D:5)
  2 crimson imps
  3 hounds
  A jelly (D:7)
  3 orc priests
  4 bullfrog skeletons
  2 centaur skeletons
  An iguana (D:4)
  8 orc wizards
  7 worker ants
  A worker ant zombie (D:7)
  8 gnolls
  13 adders
  A shadow imp (D:8)
  An ooze (D:1)
  An adder skeleton (D:4)
  A worm (D:3)
  2 dart slugs (D:1)
  29 orcs
  10 bats
  2 giant cockroaches
  13 goblins
  4 hobgoblins
  15 jackals
  2 quokkas
  8 frilled lizards
  A jackal skeleton (D:4)
  14 kobolds
  8 rats
219 creatures vanquished.

Vanquished Creatures (others)
  A fungus (D:8)
1 creature vanquished.

Grand Total: 220 creatures vanquished

Notes
Turn   | Place    | Note
-------+----------+-------------------------------------------
     0 | D:1      | SockEdd the Centaur Hunter began the quest for the Orb.
     0 | D:1      | Reached XP level 1. HP: 17/17 MP: 1/1
   118 | D:1      | Reached XP level 2. HP: 23/24 MP: 2/2
   463 | D:1      | Reached XP level 3. HP: 27/30 MP: 3/3
   497 | D:1      | Reached skill level 1 in Short Blades
   960 | D:2      | Found a white marble altar of Elyvilon.
   985 | D:2      | Found a faded altar of an unknown god.
  1584 | D:3      | Reached XP level 4. HP: 35/37 MP: 4/4
  2136 | D:3      | Found a shimmering blue altar of Sif Muna.
  2686 | D:3      | Noticed Sigmund
  2723 | D:4      | Noticed an ogre
  2767 | D:3      | Reached XP level 5. HP: 20/45 MP: 5/5
  3586 | D:3      | Killed Sigmund
  3586 | D:3      | Reached XP level 6. HP: 52/52 MP: 6/6
  3806 | D:4      | Reached XP level 7. HP: 43/60 MP: 7/7
  4416 | D:4      | Reached skill level 5 in Fighting
  4858 | D:4      | Found a burning altar of Makhleb.
  4976 | D:4      | Got a smoking long sword
  4998 | D:4      | Identified the +9 long sword of Mayhem {protect, Int+3}
                  | (You found it on level 4 of the Dungeon)
  5187 | D:5      | Entered Level 5 of the Dungeon
  5266 | D:5      | Found a stormy altar of Qazlal.
  5414 | D:5      | Reached skill level 1 in Long Blades
  5414 | D:5      | Reached XP level 8. HP: 62/70 MP: 8/8
  5873 | D:5      | Reached skill level 6 in Bows
  6362 | D:6      | Reached skill level 7 in Bows
  6379 | D:6      | Found a basalt altar of Yredelemnul.
  6716 | D:6      | Reached skill level 8 in Bows
  6716 | D:6      | Reached skill level 1 in Armour
  6720 | D:6      | Found an ancient bone altar of Kikubaaqudgha.
  7176 | D:7      | Found a hazy altar of Hepliaklqana.
  7270 | D:7      | Found a bloodstained altar of Trog.
  7278 | D:7      | Noticed a kobold demonologist
  7288 | D:7      | Noticed an ice devil
  7288 | D:7      | Killed a kobold demonologist
  7288 | D:7      | Reached XP level 9. HP: 78/78 MP: 9/9
  7295 | D:7      | Reached skill level 9 in Bows
  7571 | D:7      | Found a runed translucent gate.
  7571 | D:7      | Found a runed translucent gate.
  7572 | D:7      | Found a runed translucent gate.
  7572 | D:7      | Noticed EXkata's ghost (novice HuWn)
  7660 | D:7      | Found a shadowy altar of Dithmenos.
  7660 | D:7      | Found an opulent altar of Gozag.
  7691 | D:7      | Found a staircase to the Ecumenical Temple.
  8321 | D:8      | Reached skill level 5 in Long Blades
  8747 | D:8      | Reached XP level 10. HP: 51/88 MP: 10/10
  9207 | D:8      | Found a glowing golden altar of the Shining One.
  9275 | Temple   | Entered the Ecumenical Temple
  9724 | D:8      | Found an iron altar of Okawaru.
  9787 | D:8      | Became a worshipper of Warmaster Okawaru
  9827 | D:8      | Found a radiant altar of Vehumet.
  9902 | D:8      | Found a staircase to the Lair.
 10293 | D:9      | Noticed a two-headed ogre
 10403 | D:9      | Slain by a two-headed ogre

Levels and vault maps discovered:
D:1:      dpeg_arrival_solitude, layout_basic
D:2:      layout_loops_ring, elyvilon_altar_4,
          chequers_ecumenical_altar_simple_redux
D:3:      layout_basic, lemuel_blue_sif_altar, uniq_sigmund
D:4:      layout_loops_ring, kennysheep_little_box, first_ration
D:5:      layout_gridville, nicolae_overflow_crystal_walls, abandoned_shop
D:6:      layout_basic, marbit_many_paths, old_standard_altar
D:7:      layout_loops_ring, kennysheep_mini, gammafunk_temple_overflow_statue,
          minmay_temple_entry_from_below_a, basic_altar,
          ebering_ghost_rock_garden
D:8:      layout_loops_ring, vehumet_altar_wand_db, okawaru_humans, tso_altar,
          grunt_lair_entry_orc_guard_hut
D:9:      layout_loops_ring, nicolae_overflow_hidden_temple, serial_shops, shop,
          hangedman_ranch [blue_anna_fruit_fields], uniq_joseph
Temple:   compressed_dpeg_triangle_lava_temple

Skill      XL: |  1  2  3  4  5  6  7  8  9 10 |
---------------+-------------------------------+-----
Dodging        | 2 3 4 |  4.2
Short Blades   | 1 2 3 4 |  4.3
Fighting       | 3 4 5 6 7 8 |  8.2
Long Blades    | 1 3 6 7 |  7.4
Bows           | 8 9 |  9.3
Armour         | 1 3 4 |  4.1
Stealth        | |  0.4
Shields        | |  0.6

Action                   |  1- 3 |  4- 6 |  7- 9 | 10-12 || total
-------------------------+-------+-------+-------+-------++-------
Melee: Short sword       |   121 |    95 |    56 |       ||   272
       Kick              |    16 |    26 |    77 |    24 ||   143
       Long sword        |       |       |   214 |    83 ||   297
 Fire: Shortbow          |     8 |    75 |   167 |    92 ||   342
  Use: Potion            |       |     3 |       |       ||     3
       Scroll            |       |       |     8 |     1 ||     9
  Eat: Chunk             |     1 |     6 |    13 |     4 ||    24
Armor: Leather armour    |    11 |       |       |       ||    11
       Chain mail        |    75 |   102 |   198 |    78 ||   453
       Skin              |       |     7 |       |       ||     7
Dodge: Dodged            |    40 |    32 |    98 |    36 ||   206
Block: Buckler           |       |       |     7 |    11 ||    18
       Rpst.: Long sword |       |       |    24 |     6 ||    30
